 Dungeon Crawl Stone Soup version 0.29-a0-221-gceb61267dd (webtiles) character file.

Game seed: 8917874112086778041

4295 enile the Fighter (level 10, -4/80 HPs)
             Began as a Djinni Fire Elementalist on Feb 26, 2022.
             Was an Elder of Nemelex Xobeh.
             Slain by a four-headed hydra (6 damage)
             ... on level 1 of the Lair of Beasts.
             The game lasted 00:14:22 (13009 turns).

enile the Fighter (Djinni Fire Elementalist)       Turns: 13009, Time: 00:14:22

Health: -4/80      AC:  6    Str:  7    XL:     10   Next: 57%
Gold:   549        EV: 11    Int: 21    God:    Nemelex Xobeh [****..] SH:  5 Dex: 14

rFire   + + +      SeeInvis .   g - +9 staff of Wucad Mu {*channel}
rCold   x x x      Faith    .   p - +0 buckler
rNeg    . . .      Spirit   .   J - +3 leather armour
rPois   ∞          Reflect  .   (no helmet)
rElec   .          Harm     +   i - scarf {harm}
rCorr   .          Rampage  .   (no gloves)
Will    +....                   (boots unavailable)
Stlth   ++........              (no amulet)
HPRegen 0.23/turn               m - ring of fire
MPRegen 0.00/turn               z - ring of fire

@: flying
A: sickness immunity, fire resistance 2, cold vulnerability 1, float, innate
caster, HP casting, extra vitality 1
a: Renounce Religion, Draw Escape, Draw Destruction, Draw Summoning, Triple
Draw, Deal Four


You were on level 1 of the Lair of Beasts.
You worshipped Nemelex Xobeh.
Nemelex Xobeh was greatly pleased with you.
You visited 2 branches of the dungeon, and saw 10 of its levels.

You collected 585 gold pieces.
You spent 36 gold pieces at shops.

Inventory:

Hand Weapons
 g - the +9 staff of Wucad Mu (weapon) {*channel}
   (You acquired it on level 3 of the Dungeon)

   It occasionally powers its wielder's spells, but with a chance of causing
   confusion or draining the wielder's intelligence.
   It becomes more likely to activate and less likely to backfire with increased
   Evocations skill.
 n - a +0 trident
 B - a +0 trident of protection
 F - a +4 war axe of draining
 N - a +2 broad axe of freezing
Missiles
 u - 22 poisoned darts
 D - a throwing net
 K - 4 curare-tipped darts
Armour
 a - a +0 robe
 i - a scarf of harm (worn)
 o - a +0 leather armour
 p - a +0 buckler (worn)
 y - the +2 ring mail "Paer" {Contam Rampage rCorr Slay+2}
   (You found it on level 4 of the Dungeon)

   Slay:      It affects your accuracy & damage with ranged weapons and melee
   (+2).
   Contam:    It causes magical contamination when unequipped.
   rCorr:     It protects you from acid and corrosion.
   Rampage:   It bestows one free step when moving towards enemies.
 G - +0 acid dragon scales
 J - a +3 leather armour (worn)
Magical Staves
 h - a staff of earth
Jewellery
 m - a ring of fire (left hand)
 z - a ring of fire (right hand)
 C - the ring of Grontol {Fire Drain rN+++ Int+5 Dex-2}
   (You found it on level 5 of the Dungeon)

   [ring of fire]

   It enhances your fire magic.
   Int:       It affects your intelligence (+5).
   Dex:       It affects your dexterity (-2).
   rF:        It protects you from fire.
   rC:        It makes you vulnerable to cold.
   rN:        It renders you almost immune to negative energy.
   Drain:     It drains your maximum health when unequipped.
Wands
 x - a wand of iceblast (19)
 H - a wand of flame (21)
 M - a wand of acid (1)
Scrolls
 c - 2 scrolls of summoning {unknown}
 d - 12 scrolls of identify {unknown}
 l - 2 scrolls of blinking {unknown}
 q - a scroll of enchant armour {unknown}
 r - 2 scrolls of vulnerability {unknown}
 A - a scroll of teleportation
 I - a scroll of fear {unknown}
 L - a scroll of enchant weapon {unknown}
Potions
 b - 3 potions of mutation {unknown}
 e - 2 potions of degeneration {unknown}
 f - 4 potions of flight {unknown}
 j - 5 potions of curing {unknown}
 k - a potion of lignification {unknown}
 s - a potion of heal wounds {unknown}
 t - a potion of invisibility
 v - 4 potions of magic {unknown}
 w - a potion of attraction {unknown}
 E - a potion of berserk rage {unknown}
 O - a potion of brilliance {unknown}


   Skills:
 + Level 10.0 Fighting
 - Level 2.1 Dodging
 - Level 2.1 Stealth
 - Level 5.0 Shields
 - Level 6.0 Spellcasting
 - Level 4.0 Invocations
 - Level 4.0 Evocations


You couldn't memorise any spells.
You knew the following spells:

 Your Spells              Type           Power      Damage    Failure   Level
a - Foxfire               Conj/Fire      100%       2x1d9     1%          1
b - Scorch                Fire           100%       2d10      2%          2
c - Conjure Flame         Conj/Fire      63%        6-21      4%          3
d - Inner Flame           Hex/Fire       63%        N/A       4%          3
e - Flame Wave            Conj/Fire      63%        2d12      16%         4
f - Beastly Appendage     Tmut           62%        N/A       1%          1
g - Wereblood             Tmut           31%        N/A       2%          2
h - Tukima's Dance        Hex            31%        N/A       4%          3
i - Confusing Touch       Hex            31%        N/A       4%          3
Your spell library was empty.

Dungeon Overview and Level Annotations

Branches:
Dungeon (9/15)             Temple (0/1) D:5            Lair (1/6) D:8
    Orc: D:9-12

Altars:
Cheibriados
Dithmenos
Makhleb
Nemelex Xobeh
Trog
Uskayaw
Xom
Zin
The Shining One

Shops:
D:2 ?


Innate Abilities, Weirdness & Mutations

You are immune to sickness and miasma.
You are immune to poison.
Your flesh is very heat resistant. (rF++)
You are vulnerable to cold. (rC-)
You float through the air rather than walking.
You learn spells naturally, not from books.
Your magical power is your life essence.
You have superior vitality. (+4 MHP)


Message History

The four-headed hydra closely misses you.
The four-headed hydra bites you but does no damage.
The four-headed hydra barely misses you.
The wolf bites you!
Casting: Scorch (safe; 2% risk of failure)
Confirm with . or Enter, or press ? or * to list all spells.
You feel a strong surge of power!
Flames lash the four-headed hydra.
The four-headed hydra is burned terribly!
The four-headed hydra is severely wounded.
The wolf bites you! The four-headed hydra bites you!
The four-headed hydra barely misses you.
The four-headed hydra bites you! The four-headed hydra bites you.
* * * LOW HITPOINT WARNING * * *
The wolf bites you.
* * * LOW HITPOINT WARNING * * *
The wolf closely misses you.
The four-headed hydra barely misses you. x2
The four-headed hydra misses you. The four-headed hydra bites you!
* * * LOW HITPOINT WARNING * * *
There are monsters nearby!
Casting: Scorch (safe; 2% risk of failure)
Confirm with . or Enter, or press ? or * to list all spells.
You feel a strong surge of power!
Flames lash the four-headed hydra.
The four-headed hydra is burned terribly!
The four-headed hydra is severely wounded.
* * * LOW HITPOINT WARNING * * *
You hear a howl!
The wolf bites you but does no damage.
You block the six-headed hydra's attack.
The six-headed hydra misses you.
The six-headed hydra bites you but does no damage.
The six-headed hydra misses you.
You block the six-headed hydra's attack.
The six-headed hydra bites you but does no damage.
The four-headed hydra barely misses you.
The four-headed hydra bites you.
* * * LOW HITPOINT WARNING * * *
The four-headed hydra bites you.
You die...
Your body glows with a rainbow of weird colours and disappears.

#. #. #. #.# ##.## #.# #
...#######.# ### #.
#..#........ ..###
##..##.......##.####.##.
......D.......#.P#...##.
#....D@..#P.........##.
..PP†..h........#.##.##.
....#..###.####.####.##.
....#.....†.....# #.##.
. ........####.# #.##.
.#####.#.# ##.# #.... .
##..# #..# #.... #..#
##.####.#.. ##..
##.........


You could see a six-headed hydra, a four-headed hydra (combustible) and a wolf.

Vanquished Creatures
  Maggie (D:7)
  A troll (D:8)
  Prince Ribbit (D:5)
  A basilisk (Lair:1)
  A wyvern (Lair:1)
  3 water moccasins
  3 black bears
  2 orc warriors (D:8)
  3 ice beasts
  4 sky beasts
  3 ogres
  2 wolves (Lair:1)
  A centaur (D:7)
  A phantom (D:5)
  A kobold brigand (D:8)
  2 bullfrogs
  A gnoll sergeant (D:5)
  A scorpion (D:7)
  8 wights
  A jelly (D:7)
  3 hounds
  3 orc priests (D:8)
  2 iguanas (D:5)
  3 orc wizards
  8 gnolls
  5 adders
  A shadow imp (D:8)
  2 white imps
  2 ufetubi (D:4)
  2 dart slugs
  53 orcs
  7 endoplasms
  3 giant cockroaches (D:3)
  6 goblins
  2 hobgoblins (D:2)
  3 jackals (D:4)
  4 quokkas
  5 ball pythons
  5 bats
  A frilled lizard (D:3)
  17 kobolds
  4 rats
182 creatures vanquished.

Vanquished Creatures (collateral kills)
  A wight (D:7)
  An orc priest (D:7)
  2 orcs
  6 foxfires
10 creatures vanquished.

Vanquished Creatures (others)
  454 foxfires
  3 plants (Lair:1)
457 creatures vanquished.

Grand Total: 649 creatures vanquished

Notes
Turn   | Place    | Note
-------+----------+-------------------------------------------
     0 | D:1      | enile the Djinni Fire Elementalist began the quest for the
                  | Orb.
     0 | D:1      | Reached XP level 1. HP: 15/15 MP: 0/0
   295 | D:1      | Reached skill level 1 in Fighting
   449 | D:1      | Reached XP level 2. HP: 17/22 MP: 0/0
  1137 | D:1      | Reached skill level 2 in Fighting
  1198 | D:1      | Found a faded altar of an unknown god.
  1333 | D:1      | Prayed at the altar of an unknown god.
  1333 | D:1      | Became a worshipper of Nemelex Xobeh the Trickster
  1333 | D:1      | Reached * piety under Nemelex Xobeh
  1839 | D:2      | Reached XP level 3. HP: 15/29 MP: 0/0
  1839 | D:2      | Learned a level 1 spell: Beastly Appendage
  2049 | D:2      | Received a gift from Nemelex Xobeh
  2352 | D:2      | Found Riros's Magic Scroll Boutique.
  2369 | D:2      | Bought a scroll of teleportation for 36 gold pieces
  2423 | D:2      | Reached skill level 3 in Fighting
  3565 | D:3      | Reached XP level 4. HP: 34/35 MP: 0/0
  3573 | D:3      | Found a shimmering altar of Xom.
  3903 | D:3      | Reached ** piety under Nemelex Xobeh
  4084 | D:3      | Reached skill level 4 in Fighting
  4209 | D:3      | Found a glowing golden altar of the Shining One.
  4284 | D:3      | Received a gift from Nemelex Xobeh
  4633 | D:4      | Noticed a black bear
  4687 | D:3      | Identified a scroll of acquirement
  4687 | D:3      | Acquired the +9 staff of Wucad Mu {*channel}
  4687 | D:3      | Found the +9 staff of Wucad Mu {*channel}
  4692 | D:3      | Killed a black bear
  4693 | D:3      | Reached XP level 5. HP: 22/41 MP: 0/0
  4693 | D:3      | Learned a level 2 spell: Wereblood
  4693 | D:3      | Reached XP level 6. HP: 25/47 MP: 0/0
  4914 | D:4      | Identified the +2 ring mail "Paer" {Contam Rampage rCorr
                  | Slay+2}
  5060 | D:4      | Received a gift from Nemelex Xobeh
  5269 | D:4      | Found a snail-covered altar of Cheibriados.
  5875 | D:4      | Noticed an ogre
  5991 | D:4      | Killed an ogre
  5992 | D:4      | Reached skill level 1 in Shields
  6377 | D:5      | Entered Level 5 of the Dungeon
  6405 | D:5      | Reached XP level 7. HP: 32/53 MP: 0/0
  6405 | D:5      | Learned a level 3 spell: Tukima's Dance
  6633 | D:5      | Reached skill level 5 in Fighting
  6774 | D:5      | Identified the ring of Grontol {Fire Drain rN+++ Int+5
                  | Dex-2}
  6887 | D:5      | Reached *** piety under Nemelex Xobeh
  7115 | D:5      | Found a shadowy altar of Dithmenos.
  7169 | D:5      | Noticed Prince Ribbit
  7188 | D:5      | Killed Prince Ribbit
  7189 | D:5      | Reached skill level 6 in Fighting
  7189 | D:5      | Reached XP level 8. HP: 58/61 MP: 0/0
  7678 | D:5      | Found a glowing silver altar of Zin.
  7678 | D:5      | Noticed an angel
  7704 | D:5      | Found a staircase to the Ecumenical Temple.
  8191 | D:6      | Reached skill level 5 in Spellcasting
  8562 | D:6      | Reached XP level 9. HP: 62/66 MP: 0/0
  8562 | D:6      | Learned a level 3 spell: Confusing Touch
  8595 | D:6      | Found a bloodstained altar of Trog.
  9341 | D:7      | Noticed Maggie
  9347 | D:7      | Killed Maggie
  9348 | D:7      | Reached skill level 7 in Fighting
  9479 | D:7      | Received a gift from Nemelex Xobeh
  9878 | D:7      | Reached **** piety under Nemelex Xobeh
  9911 | D:7      | Received a gift from Nemelex Xobeh
 10120 | D:7      | Noticed a +0 short sword
 10120 | D:7      | Noticed a +0 falchion
 10120 | D:7      | Noticed a +0 spear
 10122 | D:7      | Noticed a +0 spear
 10122 | D:7      | Noticed a +0 dagger
 10123 | D:7      | Noticed a +0 dagger
 10123 | D:7      | Noticed a +0 short sword
 10124 | D:7      | Noticed a +0 falchion
 10125 | D:7      | Found a hide-covered altar of Uskayaw.
 10448 | D:7      | Reached skill level 8 in Fighting
 10795 | D:8      | Found a burning altar of Makhleb.
 10803 | D:8      | Reached XP level 10. HP: 72/76 MP: 0/0
 11409 | D:8      | Reached skill level 9 in Fighting
 11498 | D:8      | Received a gift from Nemelex Xobeh
 11763 | D:8      | Reached skill level 5 in Shields
 11844 | D:8      | Found a staircase to the Lair.
 12009 | D:8      | Received a gift from Nemelex Xobeh
 12736 | D:9      | Noticed a two-headed ogre
 12736 | D:9      | Noticed a green ugly thing
 12753 | Lair:1   | Entered Level 1 of the Lair of Beasts
 13001 | Lair:1   | Noticed a four-headed hydra
 13002 | Lair:1   | Noticed a six-headed hydra
 13004 | Lair:1   | Reached skill level 10 in Fighting
 13009 | Lair:1   | HP: 2/80 [four-headed hydra (7)]
 13009 | Lair:1   | Slain by a four-headed hydra

Illustrated notes

Levels and vault maps discovered:
D:1:      roderic_octagonal_star, layout_basic,
          shapermc_ecumenical_altar_mp_ritualfount, interstate_on_off
D:2:      layout_loops_ring, serial_shops, nicolae_shop_hallway_plus
D:3:      layout_loops_ring, mainiacjoe_overflow_alcove_4,
          nicolae_tso_carved_into_rock
D:4:      layout_layer_cave, kennysheep_mini_moat
D:5:      layout_gridville, grunt_dithmenos_smoke_and_mirrors, zin_angel,
          minmay_temple_entry_mist, minmay_misc_feat_cross, uniq_prince_ribbit1
D:6:      black_bear_nest_2, layout_loops_cross, lightli_temple_of_fire
D:7:      layout_loops_corners, nicolae_uskayaw_en_pointe,
          kennysheep_another_room, minmay_fractal_squares_gapless_5, uniq_maggie
D:8:      layout_rooms, mainiacjoe_overflow_tiny_flanked, lair_entry_dummy,
          special_room [special_room_orc]
D:9:      minmay_the_grid_octo_2x2 [minmay_the_grid_octo_fan_narrow,
          minmay_the_grid_octo_clover_2, minmay_the_grid_octo_vomiting_pacman,
          minmay_the_grid_octo_prize_square_snowflake], layout_loops_ring,
          kennysheep_ying_yang, serial_shops, shop
Lair:1:   layout_loops_ring, grunt_megastairs_4, lemuel_fruit_fields

Skill      XL: |  1  2  3  4  5  6  7  8  9 10 |
---------------+-------------------------------+-----
Fighting       | 1 2 3 4 6 8 10 | 10.0
Spellcasting   | 3 4 5 6 |  6.0
Shields        | 2 3 5 |  5.0
Stealth        | 2 |  2.1
Evocations     | 4 |  4.0
Invocations    | 4 |  4.0
Dodging        | |  2.1

Action                   |  1- 3 |  4- 6 |  7- 9 | 10-12 || total
-------------------------+-------+-------+-------+-------++-------
Melee: Trident           |     7 |       |       |       ||     7
       Staff             |       |     1 |    26 |     6 ||    33
 Cast: Foxfire           |    99 |    62 |    67 |    60 ||   288
       Scorch            |     4 |    12 |    31 |    35 ||    82
       Inner Flame       |       |     2 |    11 |     6 ||    19
       Tukima's Dance    |       |       |     3 |       ||     3
       Flame Wave        |       |       |     5 |     2 ||     7
       Conjure Flame     |       |       |     1 |       ||     1
Invok: Draw Destruction  |       |     4 |       |       ||     4
       Draw Summoning    |       |       |     1 |       ||     1
  Use: Scroll            |     1 |     1 |       |     1 ||     3
Armor: Robe              |     4 |     3 |    11 |       ||    18
       Leather armour    |       |       |       |    12 ||    12
Dodge: Dodged            |    11 |    28 |    33 |    31 ||   103
Block: Buckler           |       |     7 |    20 |    14 ||    41

Table legend: (Time is in decaauts)
 A = Elapsed time spent in this place.
 B = Non-inter-level travel time spent in this place.
 C = Inter-level travel time spent in this place.
 D = Time resting spent in this place.
 E = Time spent auto-exploring this place.
 F = Levels seen in this place.
 G = Mean time per level.
                   A        B        C        D        E       F      G
               +--------+--------+--------+--------+--------+-----+--------+
         Total |  13024 |  12661 |    363 |   1457 |   9711 |  10 | 1302.4 |
       Dungeon |  12768 |  12406 |    362 |   1457 |   9498 |   9 | 1418.7 |
          Lair |    255 |    255 |      0 |      0 |    213 |   1 |  255.0 |
               +--------+--------+--------+--------+--------+-----+--------+

Top non-repeatable levels by time:
     D:7: 2358 daAuts
     D:1: 2149 daAuts
     D:4: 1857 daAuts
     D:2: 1416 daAuts
     D:6: 1283 daAuts
     D:8: 1260 daAuts
     D:3: 1165 daAuts
     D:5: 1150 daAuts
  Lair:1: 255 daAuts
     D:9: 127 daAuts
